 Dungeon Crawl Stone Soup version 0.17.1-3-g152610e (webtiles) character file.

6977 Peloso the Blocker (level 10, 0/91 HPs)
             Began as a Minotaur Fighter on Apr 9, 2016.
             Was a Believer of Okawaru.
             Slain by Josephine
             ... wielding a +0 dagger
              (7 damage)
             ... on level 9 of the Dungeon.
             The game lasted 00:22:58 (7468 turns).

Peloso the Blocker (Minotaur Fighter)               Turns: 7468, Time: 00:22:58

Health: 0/91       AC: 16    Str: 27    XL:     10   Next: 81%
Magic:  9/9        EV: 10    Int:  5    God:    Okawaru [**....]
Gold:   616        SH: 13    Dex: 12    Spells: 0 memorised, 9 levels left

rFire  . . .     SeeInvis .     k - +0 scimitar (flame)
rCold  . . .     Clarity  .     l - +1 plate armour
rNeg   . . .     SustAt   .     c - +0 shield
rPois  +         Gourm    .     (helmet restricted)
rElec  .         Spirit   .     g - +0 cloak
rCorr  .         Warding  .     (no gloves)
rMut   .         Stasis   .     (no boots)
MR     .....                    u - amulet of regeneration
Stlth  ..........               R - ring of poison resistance
                                K - +2 ring of evasion

@: mighty, slowed, very slow, not resistant to hostile enchantments, extremely
unstealthy
A: retaliatory headbutt, horns 2
a: Heroism, Renounce Religion


You were on level 9 of the Dungeon.
You worshipped Okawaru.
Okawaru was pleased with you.
You were not hungry.

You visited 2 branches of the dungeon, and saw 11 of its levels.

You collected 648 gold pieces.
You spent 32 gold pieces at shops.

Inventory:

Hand Weapons
 i - a +4 falchion of slicing
 k - a +0 scimitar of flaming (weapon)
 m - a +3 falchion
 Q - the +4 dagger "Kuah" {pierce, rC+ MR- Int+4 Dex+2}
   (You found it on level 8 of the Dungeon)

   It inflicts extra damage upon your enemies.
   It affects your intelligence (+4).
   It affects your dexterity (+2).
   It protects you from cold.
   It affects your resistance to hostile enchantments.
Armour
 b - a +0 scale mail
 c - a +0 shield (worn)
 g - a +0 cloak (worn)
 l - a +1 plate armour (worn)
 q - the +4 ring mail of the Seven Planets {rCorr Str+9}
   (You found it on level 9 of the Dungeon)

   It affects your strength (+9).
   It protects you from acid and corrosion.
Jewellery
 u - an amulet of regeneration (around neck)
 K - a +2 ring of evasion (left hand)
 R - a ring of poison resistance (right hand)
Scrolls
 j - a scroll of teleportation
 n - 3 scrolls of remove curse
 p - 2 scrolls of amnesia
 x - 2 scrolls of enchant armour
 A - a scroll of recharging
 E - a scroll of fear
 F - 2 scrolls of blinking
Potions
 r - 2 potions of flight
 t - a potion of brilliance
 v - a potion of agility
 w - 5 potions of haste
 z - a potion of berserk rage
 B - 3 potions of resistance
 C - a potion of ambrosia {unknown}
 D - 5 potions of heal wounds
 G - a potion of cancellation
 H - a potion of magic
 L - 3 potions of curing {unknown}
 N - a potion of mutation {unknown}
Books
 P - a book of Callings

   Spells                             Type                      Level
   a - Summon Small Mammal            Summoning                    1
   b - Call Imp                       Summoning                    2
   c - Call Canine Familiar           Summoning                    3
   d - Summon Guardian Golem          Hexes/Summoning              3
   e - Summon Lightning Spire         Summoning/Air                4
   f - Summon Ice Beast               Ice/Summoning                4
Comestibles
 a - 4 chunks of flesh
 e - 9 bread rations
 f - 4 meat rations
 h - 2 beef jerkies
 o - 11 fruits
 s - 2 royal jellies
 M - 11 slices of pizza


   Skills:
 + Level 9.3 Fighting
 + Level 10.0 Long Blades
 + Level 9.9 Armour
 + Level 3.4 Dodging
 + Level 1.0 Stealth
 + Level 11.4 Shields
 + Level 1.2 Invocations


You had 9 spell levels left.
You didn't know any spells.

Dungeon Overview and Level Annotations

Branches:
Dungeon (10/15)            Temple (1/1) D:7            Lair (0/8) D:9
    Orc: D:9-12

Altars:
Ashenzari
Cheibriados
Dithmenos
Elyvilon
Fedhas
Gozag
Kikubaaqudgha
Makhleb
Nemelex Xobeh
Okawaru
Qazlal
Ru
Sif Muna
Trog
Vehumet
Xom
Yredelemnul
Zin
The Shining One

Shops:
D:8 ?

Annotations:
D:9 Josephine


Innate Abilities, Weirdness & Mutations

You reflexively headbutt those who attack you in melee.
You have a pair of horns on your head.


Message History

Josephine draws life force from you and is healed!
You block the wraith's attack.
You slash Josephine! You burn Josephine.
Josephine is moderately wounded.
Josephine misses you. The wraith hits you. The wraith drains your vigour!
You feel as though you will be slow longer.
Josephine is infused with unholy energy.
* * * LOW HITPOINT WARNING * * *
Josephine draws life force from you and is healed!
You block the wraith's attack.
Drink which item? (? for menu, Esc to quit)
You feel very mighty all of a sudden. Josephine barely misses you.
The wraith hits you but does no damage.
You slash Josephine! You burn Josephine. Your headbutt misses Josephine.
Josephine is heavily wounded.
Josephine is infused with unholy energy.
* * * LOW HITPOINT WARNING * * *
Josephine draws life force from you and is healed!
You block the wraith's attack. Josephine hits you with a dagger!
You die...

### #### ##.## #..# #...#
####..## #...######......#
##...##.........W#
##.........####@@##
......###### ##..## .##...#
##...(## .##...# #......#
.##..## #......# #####
##..## #......###...## ##.##
#......##.....##
..###########......#.......#
..#(#.#..#.................#


You could see Josephine and a wraith.

Vanquished Creatures
  Erolcha (D:10)
  Erica (D:10)
  An ugly thing (D:8)
  A gargoyle (D:10)
  Psyche (D:8)
  A troll (D:9)
  A two-headed ogre (D:9)
  Prince Ribbit (D:5)
  Sigmund (D:2)
  A deep elf fighter (D:9)
  A hippogriff (D:10)
  Duvessa (D:6)
  3 phantoms
  An ice beast (D:10)
  2 wasps (D:10)
  2 orc warriors
  5 ogres
  3 centaurs
  6 giant frogs
  Dowan (D:6)
  3 scorpions
  4 killer bees (D:8)
  A gnoll sergeant (D:7)
  7 wights
  A crimson imp (D:5)
  3 hounds
  5 iguanas
  3 orc priests
  2 jellies (D:10)
  2 orc wizards
  A giant frog zombie (D:7)
  3 giant frog skeletons
  A quasit (D:6)
  6 worker ants
  3 hound zombies
  A hound skeleton (D:7)
  A worker ant zombie (D:7)
  4 gnolls (D:7)
  11 adders
  3 shadow imps
  2 oozes
  2 adder skeletons (D:4)
  An adder zombie (D:7)
  A worm (D:3)
  13 orcs
  8 bats
  4 giant cockroaches
  6 goblins
  8 hobgoblins
  10 jackals
  3 quokkas
  4 ball pythons (D:3)
  7 giant geckos
  A giant gecko skeleton (D:5)
  4 giant newts
  11 kobolds
  A quokka skeleton (D:5)
  5 rats
191 creatures vanquished.

Vanquished Creatures (others)
  A giant frog (D:7)
1 creature vanquished.

Grand Total: 192 creatures vanquished

Notes
Turn   | Place    | Note
--------------------------------------------------------------
     0 | D:1      | Peloso the Minotaur Fighter began the quest for the Orb.
     0 | D:1      | Reached XP level 1. HP: 19/19 MP: 0/0
   187 | D:1      | Reached XP level 2. HP: 21/27 MP: 1/1
   454 | D:1      | Reached skill level 4 in Shields
   584 | D:2      | Found a shattered altar of Ashenzari.
   600 | D:2      | Reached XP level 3. HP: 25/33 MP: 2/2
   821 | D:2      | Found an opulent altar of Gozag.
  1028 | D:2      | Reached XP level 4. HP: 40/40 MP: 3/3
  1035 | D:2      | Noticed Sigmund
  1090 | D:2      | Killed Sigmund
  1090 | D:2      | Reached skill level 5 in Armour
  1090 | D:2      | Reached skill level 5 in Shields
  1090 | D:2      | Reached XP level 5. HP: 29/47 MP: 4/4
  1417 | D:2      | Reached skill level 1 in Dodging
  1417 | D:2      | Reached XP level 6. HP: 31/53 MP: 5/5
  2508 | D:4      | Reached skill level 6 in Shields
  2508 | D:4      | Reached XP level 7. HP: 44/60 MP: 6/6
  2934 | D:4      | Reached skill level 5 in Long Blades
  3000 | D:4      | Reached skill level 5 in Fighting
  3294 | D:5      | Entered Level 5 of the Dungeon
  3412 | D:5      | Noticed Prince Ribbit
  3452 | D:5      | Killed Prince Ribbit
  3452 | D:5      | Reached skill level 7 in Shields
  3607 | D:5      | Reached XP level 8. HP: 42/69 MP: 7/7
  4279 | D:6      | Noticed Dowan
  4281 | D:6      | Noticed Duvessa
  4292 | D:6      | Killed Duvessa
  4301 | D:6      | Killed Dowan
  4301 | D:6      | Reached skill level 8 in Shields
  4728 | D:7      | Reached XP level 9. HP: 78/78 MP: 8/8
  4876 | D:7      | Found a stormy altar of Qazlal.
  5000 | D:7      | Reached skill level 9 in Shields
  5268 | D:7      | Found a staircase to the Ecumenical Temple.
  5472 | Temple   | Entered the Ecumenical Temple
  5476 | Temple   | Became a worshipper of Warmaster Okawaru
  5615 | D:8      | Noticed Psyche
  5628 | D:8      | Killed Psyche
  5677 | D:8      | Reached * piety under Okawaru
  5827 | D:8      | Got a jewelled dagger
  5828 | D:8      | Identified the +4 dagger "Kuah" {pierce, rC+ MR- Int+4 Dex+2} (You found it on level 8 of the Dungeon)
  5898 | D:8      | Noticed a green ugly thing
  5908 | D:8      | Killed a green ugly thing
  5908 | D:8      | Reached skill level 10 in Shields
  6046 | D:8      | Found Isuesax's Magic Scroll Shoppe.
  6053 | D:8      | Bought a scroll of identify for 32 gold pieces
  6110 | D:8      | Reached XP level 10. HP: 88/88 MP: 9/9
  6228 | D:8      | Found an ancient bone altar of Kikubaaqudgha.
  6228 | D:8      | Found a snail-covered altar of Cheibriados.
  6229 | D:8      | Found a glowing golden altar of the Shining One.
  6332 | D:9      | Got a translucent ring mail
  6343 | D:9      | Identified the +4 ring mail of the Seven Planets {rCorr Str+9} (You found it on level 9 of the Dungeon)
  6453 | D:9      | Found a staircase to the Lair.
  6782 | D:9      | Found a bloodstained altar of Trog.
  6932 | D:10     | Entered Level 10 of the Dungeon
  6957 | D:10     | Reached skill level 1 in Invocations
  6992 | D:10     | Found a sparkling altar of Nemelex Xobeh.
  7178 | D:10     | Noticed Erolcha
  7193 | D:10     | Killed Erolcha
  7193 | D:10     | Reached ** piety under Okawaru
  7193 | D:10     | Reached skill level 1 in Stealth
  7193 | D:10     | Reached skill level 11 in Shields
  7273 | D:10     | Noticed Erica
  7294 | D:10     | Killed Erica
  7310 | D:10     | Reached skill level 10 in Long Blades
  7433 | D:10     | Noticed Josephine
  7468 | D:9      | Slain by Josephine

Action                   |  1- 3 |  4- 6 |  7- 9 | 10-12 || total
-------------------------+-------+-------+-------+-------++-------
Melee: Long sword        |    98 |   126 |   434 |       ||   658
       Falchion          |       |       |     3 |   136 ||   139
       Scimitar          |       |       |       |    27 ||    27
Invok: Heroism           |       |       |       |     2 ||     2
  Use: Potion            |       |     1 |     1 |     1 ||     3
       Scroll            |       |       |    11 |    12 ||    23
  Eat: Chunk             |     1 |     4 |    13 |     6 ||    24
       Fruit             |       |       |     1 |       ||     1
